AoeStats
← Navix de los Bosques de Lituania

Black Forest

508120528Analyzed
3v3 RM · 10d ago on Sep 21, 2026· 62m 17s· 6 players
Game mode
Random Map
Map size
Normal (6 player)
Population
200
Speed
Normal
Resources
Standard
Victory
Conquest
Starting age
Dark Age
Ending age
Imperial Age
RankedLock teamsTeams togetherTeam positionsShared explorationLock speedFull tech treeHidden civsTurbo modeCheats
Victory
Defeat
🇺🇸 Spanish · United States
985
+8
🇺🇸 Khmer · United States
905
+28
🇧🇷 Britons · Brazil
813
+14
🇲🇽 Magyars · Mexico
815
-12
🇲🇽 Tatars · Mexico
800
-11
726
-9
Navix de los Bosques de Lituania
2:39 Loom
12:25 Feudal Age
13:14 Man-at-Arms
13:39 Arson
17:02 Wheelbarrow
15:51 Long Swordsman
16:19 Double-Bit Axe
16:24 Gold Mining
17:19 Gold Mining
17:21 Stone Mining
20:45 Horse Collar
28:00 Castle Age
27:15 Forging
27:05 Scale Mail Armor
28:40 Caravan
29:11 Coinage
28:31 Gambesons
28:46 Squires
29:27 Bow Saw
30:04 Hand Cart
35:34 Heavy Plow
36:13 Gold Shaft Mining
36:25 Iron Casting
36:05 Chain Mail Armor
37:44 Two-Handed Swordsman
37:46 Pikeman
39:16 Chain Mail Armor
39:53 Halberdier
41:48 Champion
47:11 Imperial Age
48:14 Fereters
48:43 Plate Mail Armor
49:13 Blast Furnace
49:59 Ballistics
50:41 Chemistry
50:02 Masonry
Garivan
12:20 Feudal Age
12:43 Horse Collar
13:00 Double-Bit Axe
17:04 Gold Mining
17:07 Stone Mining
18:33 Wheelbarrow
21:40 Castle Age
23:08 Hand Cart
23:27 Fishing Lines
26:29 Bow Saw
26:23 Heavy Plow
28:01 Gold Shaft Mining
29:29 Coinage
29:00 Caravan
33:02 Imperial Age
31:44 Ballistics
31:30 Padded Archer Armor
31:21 Fletching
31:50 Pikeman
32:30 Squires
31:53 Elite Skirmisher
32:50 Leather Archer Armor
34:16 Ring Archer Armor
33:42 Bodkin Arrow
34:09 Conscription
35:54 Crop Rotation
36:46 Chemistry
35:34 Capped Ram
36:37 Bracer
36:48 Forging
36:44 Scale Barding Armor
36:39 Siege Ram
37:43 Fortified Wall
37:50 Onager
38:45 Guilds
39:06 Banking
39:22 Town Watch
39:23 Loom
40:57 Timurid Siegecraft
44:51 Scale Mail Armor
45:26 Iron Casting
44:23 Heavy Cavalry Archer
47:35 Light Cavalry
48:19 Husbandry
48:29 Bloodlines
49:26 Hussar
52:19 Chain Barding Armor
53:00 Blast Furnace
mrusuario0001
0:28 Loom
16:55 Feudal Age
18:54 Wheelbarrow
18:03 Horse Collar
18:10 Double-Bit Axe
19:04 Scale Barding Armor
19:35 Fishing Lines
28:13 Gold Mining
28:57 Bloodlines
29:03 Stone Mining
32:59 Castle Age
33:33 Gillnets
33:47 Heavy Plow
34:22 Chain Barding Armor
33:25 Light Cavalry
34:06 Husbandry
34:23 Caravan
36:07 Gold Shaft Mining
38:02 Hand Cart
39:29 Treadmill Crane
40:57 Town Watch
42:42 Masonry
43:45 Fletching
47:03 Thumb Ring
47:57 Bodkin Arrow
49:49 Ballistics
50:49 Corvinian Army
52:06 Elite Skirmisher
57:11 Imperial Age
Dad
13:16 Feudal Age
14:15 Horse Collar
15:13 Wheelbarrow
14:28 Double-Bit Axe
14:39 Gold Mining
14:44 Stone Mining
15:27 Loom
22:43 Castle Age
23:55 Bow Saw
23:52 Heavy Plow
24:11 Hand Cart
25:06 Gold Shaft Mining
25:11 Stone Shaft Mining
30:52 Scale Barding Armor
30:57 Forging
30:53 Husbandry
31:04 Bloodlines
30:54 Town Watch
37:07 Chain Barding Armor
37:24 Iron Casting
38:35 Town Patrol
41:02 Ballistics
45:10 Imperial Age
45:56 Siege Engineers
46:53 Chemistry
46:19 Double Crossbow
45:43 Heavy Scorpion
53:36 Caravan
54:28 Light Cavalry
57:00 Blast Furnace
56:36 Plate Barding Armor
ancientlasers
0:56 Loom
12:53 Feudal Age
12:57 Man-at-Arms
13:25 Double-Bit Axe
18:57 Castle Age
17:09 Arson
21:30 Wheelbarrow
27:44 Hand Cart
32:59 Imperial Age
31:00 Bow Saw
34:14 Pikeman
36:46 Chemistry
35:55 Fletching
36:43 Conscription
36:36 Horse Collar
39:38 Bodkin Arrow
39:44 Padded Archer Armor
39:52 Thumb Ring
40:20 Ballistics
41:43 Bracer
41:59 Leather Archer Armor
41:40 Capped Ram
44:00 Ring Archer Armor
52:02 Masonry
51:48 Murder Holes
52:15 Bombard Tower
53:50 Scale Barding Armor
53:56 Forging
53:20 Light Cavalry
54:11 Bloodlines
54:01 Husbandry
56:00 Gold Mining
59:34 Chain Barding Armor
59:50 Iron Casting
DISK PIZZA
12:57 Feudal Age
14:22 Wheelbarrow
14:12 Double-Bit Axe
14:14 Horse Collar
16:53 Gold Mining
16:53 Stone Mining
22:43 Castle Age
24:08 Heavy Plow
24:24 Bow Saw
24:54 Gold Shaft Mining
33:00 Imperial Age
33:02 Squires
32:23 Pikeman
32:48 Arson
33:50 Hand Cart
35:37 Halberdier
36:49 Fortified Wall
37:07 Ballistics
37:47 Chemistry
38:29 Two-Man Saw
39:09 Conscription
39:50 Padded Archer Armor
39:42 Fletching
41:09 Yeomen
40:11 Elite Longbowman
51:48 Leather Archer Armor
51:28 Bodkin Arrow
Connection lost

Rejoining the realm…

Still unreachable

The connection could not be restored.

Session expired

The server has moved on; the page needs a fresh start.